AoeStats
← Thomas

Oasis

510217603Analyzed
2v2 RM · 2d ago on Sep 30, 2026· 30m 41s· 4 players
Game mode
Random Map
Map size
Medium (4 player)
Population
200
Speed
Normal
Resources
Standard
Victory
Conquest
Starting age
Dark Age
Ending age
Imperial Age
RankedLock teamsTeams togetherTeam positionsShared explorationLock speedFull tech treeHidden civsTurbo modeCheats
Victory
Defeat
🇦🇷 Inca · Argentina
1033
+17
🇬🇧 Hindustanis · United Kingdom
989
+19
🇨🇱 Muisca · Chile
1061
-18
🇨🇱 Saxons · Chile
1060
-18
diegoperezprofe
12:03 Feudal Age
12:10 Champi Runner
14:28 Forging
23:20 Castle Age
21:53 Scale Mail Armor
23:32 Champi Warrior
25:15 Squires
The Invisible Man
9:33 Loom
11:19 Feudal Age
16:01 Castle Age
14:43 Stone Mining
17:50 Wheelbarrow
17:03 Loom
17:17 Double-Bit Axe
17:14 Horse Collar
17:27 Gold Mining
21:35 Bow Saw
22:32 Scale Mail Armor
24:08 Chain Mail Armor
24:16 Town Watch
26:42 Gold Shaft Mining
27:40 Forging
33:20 Imperial Age
Deivid
10:21 Feudal Age
8:37 Loom
10:51 Double-Bit Axe
14:42 Horse Collar
21:14 Castle Age
23:57 Wheelbarrow
24:29 Stone Mining
27:32 Heavy Plow
28:01 Gold Mining
27:51 Man-at-Arms
28:54 Scale Mail Armor
Thomas
12:28 Feudal Age
17:41 Castle Age
16:07 Double-Bit Axe
16:06 Horse Collar
20:49 Gold Mining
22:09 Bow Saw
25:18 Fletching
25:45 Heavy Plow
27:12 Ballistics
26:59 Bodkin Arrow
29:36 Padded Archer Armor
30:23 Thumb Ring
Connection lost

Rejoining the realm…

Still unreachable

The connection could not be restored.

Session expired

The server has moved on; the page needs a fresh start.